Map: [ESL] Blackburn

Players

Maru

  • Race: Terran Terran

Serral - Winner!

  • Race: Zerg Zerg

Event: IEM Katowice 2022

VOD

https://youtu.be/4RYUuNFlLtY

Description

Time

  • Played on: Feb. 26, 2022, 4:01 p.m.
  • Length: 4:28

All games in this series

Show
View Real Time Build Order
Export as new Build Order

Maru Terran 

Build Orders:  

Get SALT Encoding   

  12  0:00  SCV  
  13  0:12  SCV  
  14  0:17  Supply Depot  
  14  0:24  SCV  
  15  0:38  SCV  
  15  0:42  Barracks  
  16  0:45  Refinery  
  16  0:50  SCV  
  17  0:58  Barracks  
  17  1:02  SCV  
  18  1:14  SCV  
  19  1:28  Reaper  
  19  1:29  Orbital Command  
  20  1:40  Supply Depot  
  20  1:46  Reaper  
  21  1:54  SCV  
  22  2:06  SCV  
  22  2:07  Reaper  
  24  2:11  Command Center  
  24  2:18  Refinery  
  24  2:19  SCV  
  25  2:23  Barracks Reactor  
  25  2:31  SCV  
  26  2:43  SCV  
  27  2:44  Engineering Bay  
  27  2:45  Barracks Tech Lab  
  27  2:55  Supply Depot  
  27  2:56  SCV  
  28  3:08  SCV  
  28  3:09  Marine x2  
  31  3:16  Marine  
  32  3:20  SCV, Factory  
  32  3:26  Orbital Command  
  33  3:32  SCV  
  33  3:44  SCV  
  32  3:49  Marine x3  
  32  3:55  Bunker  
  36  3:56  SCV  
  36  3:57  Bunker  
  36  4:02  Engineering Bay  
  36  4:03  Engineering Bay  
  36  4:05  Engineering Bay  
  36  4:08  SCV, Marine  
Show
View Real Time Build Order
Export as new Build Order

Serral Zerg - Winner!

Build Orders: Hatch First, Zergling Baneling 

Get SALT Encoding   

  12  0:00  Drone  
  13  0:11  Overlord  
  13  0:16  Drone  
  14  0:29  Drone  
  14  0:30  Drone  
  16  0:47  Hatchery  
  15  0:51  Drone  
  15  0:54  Drone  
  17  0:57  Drone  
  18  1:08  Extractor  
  17  1:12  Spawning Pool  
  17  1:16  Drone  
  17  1:20  Drone  
  18  1:27  Drone  
  19  1:38  Drone  
  20  1:59  Queen x2  
  20  2:01  Overlord  
  24  2:02  Zergling x4  
  26  2:11  Metabolic Boost  
  26  2:18  Drone x2  
  28  2:28  Spore Crawler  
  28  2:29  Zergling x4  
  32  2:44  Overlord, Zergling x2  
  32  2:45  Zergling x4  
  32  2:48  Queen  
  35  2:54  Baneling Nest  
  35  2:58  Extractor  
  33  3:08  Zergling x10  
  33  3:12  Zergling x4  
  37  3:17  Zergling x2  
  37  3:18  Zergling x2  
  39  3:35  Zergling x10  
  41  3:52  Baneling x8  
  41  3:55  Zergling x6  
  41  4:01  Baneling  
  44  4:05  Baneling  

Tags
 
Add a new tag
Caveats
  • Supply blocks, unpowered buildings, or Contaminate may cause inaccurate times.
  • Supply counts are checked every 10 seconds.